 Seeded DCSS version 0.29.1-1-gd02db6906a (webtiles) character file.

Game seed: 10389257799748471964 (custom seed)

16 hikkokomori the Gusty (level 2, -1/15 HPs)
             Began as a Tengu Air Elementalist on Oct 14, 2022.
             Slain by a hobgoblin (2 damage)
             ... on level 1 of the Dungeon.
             The game lasted 00:01:32 (859 turns).

hikkokomori the Gusty (Tengu Air Elementalist)       Turns: 859, Time: 00:01:33

Health: -1/15      AC:  2    Str:  8    XL:     2   Next: 58%
Magic:  5/6        EV: 12    Int: 15    God:
Gold:   35         SH:  0    Dex: 14    Spells: 4/5 levels left

rFire   . . .      SeeInvis .   e - +0 club
rCold   . . .      Faith    .   (no shield)
rNeg    . . .      Spirit   .   a - +0 robe
rPois   .          Reflect  .   (helmet restricted)
rElec   .          Harm     .   (no cloak)
rCorr   .          Rampage  .   (no gloves)
Will    .....                   (boots unavailable)
Stlth   ++........              (no amulet)
HPRegen 0.05/turn               (no ring)
MPRegen 0.10/turn               (no ring)

@: very slightly contaminated
A: beak, talons 3
a: no special abilities


You were on level 1 of the Dungeon.
You visited 1 branch of the dungeon, and saw 1 of its levels.

You collected 35 gold pieces.

Inventory:

Hand Weapons
 e - a +0 club (weapon)
Armour
 a - a +0 robe (worn)
Scrolls
 d - a scroll of teleportation
 f - a scroll of acquirement {unknown}
 g - 2 scrolls of amnesia {unknown}
 h - a scroll of butterflies {unknown}
 i - a scroll of enchant armour {unknown}
 j - a scroll of identify
Potions
 b - a potion of magic
 c - a potion of attraction {unknown}


   Skills:
 - Level 2.1 Dodging
 - Level 2.0 Stealth
 - Level 2.0 Spellcasting
 + Level 2.5 Conjurations
 + Level 4.6 Air Magic


You had 4 spell levels left.
You knew the following spells:

 Your Spells              Type           Power      Damage    Failure   Level
a - Shock                 Conj/Air       48%        1d6       4%          1

Your spell library contained the following spells:

 Spells                   Type           Power      Damage    Failure   Level
 Static Discharge         Conj/Air       12%        3-5/arc   8%          2
 Swiftness                Air            15%        N/A       10%         3
 Airstrike                Air            7%         2d(2-18)  32%         4


Dungeon Overview and Level Annotations

Branches:
Dungeon (1/15)

Altars:


Innate Abilities, Weirdness & Mutations

You have a beak for a mouth.
You have claws for feet.


Message History

The bat hits you.
You closely miss the bat. Your peck misses the bat. The bat hits you.
You closely miss the bat. The bat hits you but does no damage.
A goblin comes into view. It is wielding a +0 club.
The goblin shouts!
You hit the hobgoblin but do no damage. You claw the hobgoblin.
You peck the hobgoblin, but do no damage.
The hobgoblin is almost dead.
The bat hits you but does no damage. The hobgoblin hits you.
You closely miss the hobgoblin.
The hobgoblin is almost dead.
The bat hits you. The hobgoblin barely misses you. The bat hits you.
You closely miss the hobgoblin.
You claw the hobgoblin, but do no damage.
The hobgoblin is almost dead.
The bat closely misses you. The hobgoblin misses you. The hobgoblin hits you.
You are too injured to fight recklessly!
You are too injured to fight recklessly!
You are too injured to fight recklessly!
You are too injured to fight recklessly!
You are too injured to fight recklessly!
You are too injured to fight recklessly!
You are too injured to fight recklessly!
The bat barely misses you.
The hobgoblin hits you but does no damage.
The bat hits you.
* * * LOW HITPOINT WARNING * * *
The bat hits you.
* * * LOW HITPOINT WARNING * * *
The hobgoblin attacks as you move away! The hobgoblin hits you.
* * * LOW HITPOINT WARNING * * *
Casting: Shock (safe; 4% risk of failure)
Confirm with . or Enter, or press ? or * to list all spells.
Aiming: Shock (safe; 4% risk of failure)
Press: ? - help, Shift-Dir - straight line, f - hobgoblin
Aim: a hobgoblin (almost dead, 68% to hit)
You miscast Shock.
You are very lightly contaminated with residual magic.
Nothing appears to happen.
The bat misses you. The hobgoblin hits you.
You die...

######### ### #.......#
#######.. #.......####
#####....##.. #..........#
#.....#.#....
#..........###.....#.#....
#.........................
#.......b............##...
#.......g@..#.........#...
#.......###.#.............
#.......# #.#.......#.##..
......).......###.......##..
.......#................#...
.#.#.#.#.#######........#.##
#.....#.# ......#..#.#
...#.#.#.# ....##....#
.#.......# #...###.####


You could see a hobgoblin and a bat.

Vanquished Creatures
  An endoplasm (D:1)
  2 goblins (D:1)
  2 hobgoblins (D:1)
  A quokka (D:1)
  2 ball pythons (D:1)
  A bat (D:1)
  2 frilled lizards (D:1)
  4 kobolds (D:1)
  2 rats (D:1)
17 creatures vanquished.

Notes
Turn   | Place    | Note
-------+----------+-------------------------------------------
     0 | D:1      | hikkokomori the Tengu Air Elementalist began the quest for
                  | the Orb.
     0 | D:1      | Reached XP level 1. HP: 10/10 MP: 4/4
   443 | D:1      | Reached XP level 2. HP: 15/15 MP: 4/6
   859 | D:1      | Slain by a hobgoblin

Illustrated notes

Levels and vault maps discovered:
D:1:      minmay_arrival_open_corners, layout_basic, serial_glass,
          glass_columns_c, glass_columns_a, minmay_tree_intersection

Skill      XL: |  1 |
---------------+----+-----
Conjurations   | 2 |  2.5
Dodging        | |  2.1
Stealth        | |  2.0
Spellcasting   | |  2.0
Air Magic      | |  4.6

Action                   || total
-------------------------++-------
Melee: Club              ||    25
       Kick              ||     6
       Peck              ||     4
 Cast: Shock             ||    20
  Use: Scroll            ||     1
 Stab: Sleeping          ||     1
Armor: Robe              ||    11
Dodge: Dodged            ||    19
